 Dungeon Crawl Stone Soup version 0.31.0-32-g396128a36d (webtiles) character file.

Game seed: 11762845772409972685

231 PaiMei the Grave Robber (level 5, -1/39 HPs)
             Began as a Demonspawn Necromancer on Mar 28, 2024.
             Slain by Ijyb
             ... wielding a +1 spectral club
              (6 damage)
             ... on level 3 of the Dungeon.
             The game lasted 00:03:57 (3108 turns).

PaiMei the Grave Robber (Demonspawn Necromancer)    Turns: 3108, Time: 00:03:57

Health: -1/39      AC:  3    Str:  9    XL:     5   Next: 73%
Magic:  8/9        EV: 13    Int: 17    God:
Gold:   101        SH:  4    Dex: 13    Spells: 6/10 levels left

rFire   . . .        h - +9 club
rCold   . . .        (no shield)
rNeg    . . .        a - +0 robe
rPois   .            m - +0 helmet
rElec   .            (no cloak)
rCorr   .            (no gloves)
SInv    .            (no boots)
Will    .....        (no amulet)
Stlth   ++           (no ring)
HPRegen 0.26/turn    (no ring)
MPRegen 0.11/turn

%: no passive effects
@: no status effects
A: condensation shield, weakness stinger 1, demonic touch 1
a: no special abilities


You were on level 3 of the Dungeon.
You visited 1 branch of the dungeon, and saw 3 of its levels.

You collected 101 gold pieces.

Inventory:

Hand Weapons
 d - a +0 short sword of venom
 h - a +9 club (weapon)
Missiles
 k - a throwing net
Armour
 a - a +0 robe (worn)
 i - an orb of mayhem
 m - a +0 helmet (worn)
Scrolls
 c - 7 scrolls of identify {unknown}
 f - a scroll of vulnerability {unknown}
 j - a scroll of teleportation {unknown}
Potions
 b - a potion of magic
 e - 2 potions of curing {unknown}
 g - 2 potions of heal wounds {unknown}
 l - 3 potions of enlightenment {unknown}


   Skills:
 + Level 2.3 Fighting
 + Level 3.1 Dodging
 - Level 2.0 Stealth
 + Level 3.2 Spellcasting
 + Level 5.4 Necromancy


You had 6 spell levels left.
You knew the following spells:

 Your Spells              Type           Power      Damage    Failure   Level
a - Necrotise             Necr           84%        1d8       1%          1
b - Vampiric Draining     Necr           21%        2d7       5%          3

Your spell library contained the following spells:

 Spells                   Type           Power      Damage    Failure   Level
 Animate Dead             Necr           21%        N/A       19%         4
 Curse of Agony           Necr           21%        N/A       45%         5


Dungeon Overview and Level Annotations

Branches:
Dungeon (3/15)

Altars:
Yredelemnul

Annotations:
D:3 Grinder, Ijyb, Natasha


Innate Abilities, Weirdness & Mutations

A meltable shield of frost defends you. (SH +4)
You have a small tail.
Your touch may inflict minor irresistible damage on your foes.


Message History

Ijyb the Twisted Goblin comes into view.
She is wielding a +1 spectral club and carrying a wand of charming.
Ijyb shouts!
The adder hisses angrily.
Ijyb zaps a wand.
You resist with some effort.
Casting: Necrotise (safe; 1% risk of failure)
Confirm with . or Enter, or press ? or * to list all spells.
Aiming: Necrotise (safe; 1% risk of failure)
Press: ? - help, Shift-Dir - straight line, f - adder
Aim: an adder (chance to affect: 85%)
The adder writhes in agony.
Ijyb screams, "You nasty!
Big nasty!"
The adder bites you.
You are poisoned.
The adder poisons you! Grinder gestures at you. Pain shoots through your body!
You feel sick. The adder bites you but does no damage.
You feel sick. Ijyb hits you with a +1 spectral club.
The +1 spectral club completely misses you.
The adder attacks as it pursues you! The adder bites you but does no damage.
A +1 spectral club comes into view.
You hit the +1 spectral club.
Ijyb shares her spectral weapon's damage!
The +1 spectral club is moderately damaged.
You feel sick. The adder barely misses you. Ijyb closely misses you.
The +1 spectral club barely misses you. The adder barely misses you.
Ijyb hits you with a +1 spectral club.
The +1 spectral club closely misses you.
You feel sick.
You are no longer poisoned.
The adder closely misses you. Ijyb hits you with a +1 spectral club.
The +1 spectral club hits you.
* * * LOW HITPOINT WARNING * * *
The adder attacks as it pursues you! The adder barely misses you.
Ijyb attacks as she pursues you! You block Ijyb's attack.
The +1 spectral club hits you.
* * * LOW HITPOINT WARNING * * *
The adder closely misses you.
The +1 spectral club attacks as it pursues you!
Grinder blinks!
Ijyb hits you with a +1 spectral club.
You die...

# ##[)##..........
##..#............
##.....5........
###)........... #............
##........... ##...........
#...g....## ######.ยง.(@...#
#........S.#...#
##....##..(.##.....
##...##########....# #.....#
#...## #.[.#.###.....##
#.#.#### ...# ..........
#......## ###..... #......##
####.....#......##.###......#
.............!...#...........#


You could see Grinder, a +1 spectral club, Ijyb and an adder.

Vanquished Creatures
  A bombardier beetle (D:3)
  An orc priest (D:3)
  Jessica (D:2)
  Terence (D:3)
  Robin (D:2)
  3 adders
  A ribbon worm (D:2)
  4 orcs (D:3)
  4 bats (D:1)
  6 endoplasms
  4 giant cockroaches
  12 goblins
  4 hobgoblins
  3 jackals (D:1)
  9 kobolds
  2 quokkas
  3 ball pythons
  2 frilled lizards (D:1)
  3 rats (D:1)
65 creatures vanquished.

Vanquished Creatures (collateral kills)
  A goblin (D:2)
  A jackal (D:1)
  2 rats (D:1)
4 creatures vanquished.

Grand Total: 69 creatures vanquished

Notes
Turn   | Place    | Note
-------+----------+-------------------------------------------
     0 | D:1      | PaiMei the Demonspawn Necromancer began the quest for the
                  | Orb.
     0 | D:1      | Reached XP level 1. HP: 13/13 MP: 3/3
   201 | D:1      | Gained mutation: A meltable shield of frost defends you.
                  | (SH +4) [demonic ancestry]
   201 | D:1      | Reached XP level 2. HP: 16/19 MP: 1/5
   788 | D:1      | Discovered your monstrous ancestry.
   788 | D:1      | Gained mutation: You have a small tail. [demonic ancestry]
   788 | D:1      | Reached XP level 3. HP: 25/25 MP: 3/6
  1055 | D:2      | Reached skill level 1 in Fighting
  1209 | D:2      | Noticed Jessica
  1215 | D:2      | Killed Jessica
  1216 | D:2      | Gained mutation: Your touch may inflict minor irresistible
                  | damage on your foes. [demonic ancestry]
  1216 | D:2      | Reached XP level 4. HP: 13/32 MP: 2/7
  1300 | D:2      | Found a basalt altar of Yredelemnul.
  1343 | D:2      | Noticed Robin
  1358 | D:2      | Killed Robin
  1365 | D:2      | Reached skill level 5 in Necromancy
  2271 | D:3      | Noticed a phantom
  2271 | D:3      | Noticed Grinder
  2274 | D:3      | Noticed Terence
  2758 | D:3      | Reached XP level 5. HP: 34/38 MP: 9/9
  2762 | D:3      | Learned a level 3 spell: Vampiric Draining
  2974 | D:3      | Killed Terence
  3089 | D:3      | Noticed Natasha
  3099 | D:3      | Noticed Ijyb
  3108 | D:3      | Slain by Ijyb

Illustrated notes

Levels and vault maps discovered:
D:1:      spicycebolla_arrival_ecumenical, layout_basic, minmay_tetromino_l2
D:2:      layout_loops_ring, basic_altar, minmay_goblin_kobold_house,
          uniq_jessica, uniq_robin
D:3:      layout_rooms, kennysheep_vampire_church, lemuel_doored_altar,
          uniq_terence, uniq_natasha, uniq_ijyb, uniq_grinder

Skill      XL: |  1  2  3  4  5 |
---------------+----------------+-----
Stealth        | 2 |  2.0
Dodging        | 2 3 |  3.1
Fighting       | 1 2 |  2.3
Necromancy     | 5 |  5.4
Spellcasting   | 3 |  3.2

Action                     |  1- 3 |  4- 6 || total
---------------------------+-------+-------++-------
  Melee: Short sword       |    28 |       ||    28
         Club              |       |    27 ||    27
         Touch             |       |     6 ||     6
         Tailslap          |       |     4 ||     4
   Cast: Necrotise         |    44 |    37 ||    81
         Vampiric Draining |       |     4 ||     4
   Stab: Sleeping          |     1 |       ||     1
 Armour: Robe              |    20 |    36 ||    56
  Dodge: Dodged            |    27 |    28 ||    55
  Block: Other             |     9 |     7 ||    16
